 Dungeon Crawl Stone Soup version 0.20.1-1-g8b1a95d (webtiles) character file.

8609 karf the Cleaver (level 11, -1/99 HPs)
             Began as a Minotaur Fighter on Oct 27, 2017.
             Was an Elder of the Shining One.
             Slain by a vampire mosquito (6 damage)
             ... summoned by a worldbinder
             ... on level 9 of the Dungeon.
             The game lasted 00:36:04 (8107 turns).

karf the Cleaver (Minotaur Fighter)                 Turns: 8107, Time: 00:36:04

Health: -1/99      AC: 20    Str: 26    XL:     11   Next: 12%
Magic:  10/10      EV:  6    Int:  5    God:    the Shining One [****..]
Gold:   622        SH: 12    Dex: 13    Spells: 10/10 levels left

rFire    . . .     SeeInvis .   b - +3 hand axe
rCold    . . .     Gourm    .   c - +0 shield
rNeg     + + .     Faith    .   O - +0 plate armour
rPois    .         Spirit   .   (helmet restricted)
rElec    .         Reflect  .   (no cloak)
rCorr    .         Harm     .   n - +0 pair of gloves
MR       .....                  k - +0 pair of boots
Stlth    ..........             o - amulet of regeneration
Regen    0.0/turn               u - +2 ring of protection
MPRegen  0.2/turn               t - +1 ring of protection

@: mighty, about to teleport, non-regenerating, mildly diseased, hasted,
glowing, very quick
A: retaliatory headbutt, horns 2
a: Divine Shield, Cleansing Flame, Renounce Religion


You were on level 9 of the Dungeon.
You worshipped the Shining One.
The Shining One was greatly pleased with you.
You were hungry.

You visited 2 branches of the dungeon, and saw 10 of its levels.
You visited the Abyss 1 time.
You also visited: Ossuary.

You collected 622 gold pieces.

Inventory:

Hand Weapons
 a - a +1 war axe
 b - a +3 hand axe (weapon)
Missiles
 e - 8 tomahawks (quivered)
Armour
 c - a +0 shield (worn)
 k - a +0 pair of boots (worn)
 n - a +0 pair of gloves (worn)
 O - a +0 plate armour (worn)
Jewellery
 o - an amulet of regeneration (around neck)
 t - a +1 ring of protection (right hand)
 u - a +2 ring of protection (left hand)
 I - an uncursed ring of wizardry {unknown}
Wands
 z - a wand of acid (7/15)
 A - a wand of lightning (13/15)
Scrolls
 l - 4 scrolls of magic mapping {unknown}
 m - 5 scrolls of remove curse
 p - 4 scrolls of teleportation
 q - 3 scrolls of enchant weapon
 y - a scroll of summoning {unknown}
 B - a scroll of fear {unknown}
 C - 3 scrolls of blinking {unknown}
 E - a scroll of fog {unknown}
 F - a scroll of identify
 J - a scroll of random uselessness {unknown}
 K - 2 scrolls of enchant armour {unknown}
Potions
 g - a potion of haste
 h - a potion of invisibility
 i - 2 potions of curing
 j - 2 potions of lignification
 s - a potion of mutation
 v - 2 potions of flight
 w - 3 potions of brilliance
 x - 5 potions of agility
 L - a potion of magic
 M - a potion of heal wounds {unknown}
Books
 D - a book of Changes

   Spells                             Type                      Level
   a - Beastly Appendage              Transmutation                1
   b - Sticks to Snakes               Transmutation                2
   c - Spider Form                    Transmutation/Poison         3
   d - Ice Form                       Ice/Transmutation            4
   e - Blade Hands                    Transmutation                5
 G - a book of Misfortune

   Spells                             Type                      Level
   a - Confusing Touch                Hexes                        1
   b - Confuse                        Hexes                        3
   c - Gell's Gravitas                Translocation                3
   d - Petrify                        Transmutation/Earth          4
   e - Metabolic Englaciation         Hexes/Ice                    5
   f - Yara's Violent Unravelling     Hexes/Transmutation          5
 N - a book of Debilitation

   Spells                             Type                      Level
   a - Corona                         Hexes                        1
   b - Slow                           Hexes                        2
   c - Inner Flame                    Hexes/Fire                   3
   d - Portal Projectile              Hexes/Translocation          3
   e - Cause Fear                     Hexes                        4
   f - Leda's Liquefaction            Hexes/Earth                  4
 Q - a book of Summonings

   Spells                             Type                      Level
   a - Recall                         Summoning/Translocation      3
   b - Aura of Abjuration             Summoning                    5
   c - Summon Demon                   Summoning                    5
   d - Summon Forest                  Summoning/Translocation      5
   e - Summon Mana Viper              Hexes/Summoning              5
   f - Shadow Creatures               Summoning                    6
Comestibles
 f - 6 bread rations
 r - 4 royal jellies
 H - 5 meat rations


   Skills:
 + Level 10.0 Fighting
 * Level 12.6 Axes
 + Level 10.0 Armour
 + Level 10.2 Shields


You had 10 spell levels left.
You didn't know any spells.

Dungeon Overview and Level Annotations

Branches:
Dungeon (9/15)             Temple (1/1) D:6             Orc (0/2) D:9
   Lair: D:8-11

Altars:
Ashenzari
Cheibriados
Dithmenos
Elyvilon
Fedhas
Gozag
Hepliaklqana
Kikubaaqudgha
Makhleb
Nemelex Xobeh
Okawaru
Qazlal
Ru
Sif Muna
Trog
Uskayaw
Vehumet
Xom
Yredelemnul
Zin
The Shining One

Annotations:
D:8 Maurice
D:9 Erolcha


Innate Abilities, Weirdness & Mutations

You reflexively headbutt those who attack you in melee.
You have a pair of horns on your head.


Message History

You completely miss the insubstantial wisp.
You block the vampire mosquito's attack.
The worldbinder hits you but does no damage.
You block the worldbinder's attack.
The insubstantial wisp thrums sharply.
You are struck by lightning.
* * * LOW HITPOINT WARNING * * *
The lightning arcs!
The vampire mosquito is struck by lightning.
The lightning arcs!
The worldbinder is struck by lightning.
The lightning arcs!
You are struck by lightning.
* * * LOW HITPOINT WARNING * * *
The lightning grounds out.
Okay, then.
As you read the scroll of teleportation, it crumbles to dust.
You feel strangely unstable.
You block the vampire mosquito's attack.
The worldbinder hits you but does no damage. x2
The vampire mosquito bites you.
You die...

..... .........#
###.........#
............#
............##########
..............)y.....###
##
...............x@v......
...
#...........#####.....
..### ##......)#...###
#.## ....
#..........#...####..#
#..
##(#####.....##...###.##
#.. #>.#
##.###.####...#..### #..
#..####..# #.#
###......# #..
###.##...## #.##
####.#.# #.. ..#.....##
#..## #.#[## #..


You could see a worldbinder, a vampire mosquito and an insubstantial wisp.

Vanquished Creatures
  A tentacled starspawn (Abyss:1)
  A two-headed ogre (D:8)
  Joseph (D:9)
  6 starcursed masses (Abyss:1)
  A troll (D:8)
  A hippogriff (D:8)
  A shadow (Abyss:1)
  A hungry ghost (D:7)
  Grum (D:8)
  A small abomination (Abyss:1)
  A chaos spawn (Abyss:1)
  Edmund (D:2)
  The ghost of 0x5F3759DF the Grave Robber, an amateur DENe (D:4)
  Duvessa (D:7)
  3 orc warriors
  2 ice beasts
  2 sky beasts
  A phantom (D:8)
  The ghost of Doodlejackbod the Shield-Bearer, an amateur HOFi (D:6)
  4 ogres
  4 wolves (D:8)
  3 centaurs
  3 bullfrogs
  Dowan (D:7)
  4 scorpions
  8 killer bees
  4 wights (D:9)
  A crimson imp (D:6)
  2 bullfrog zombies
  A human zombie (Ossuary)
  2 bullfrog skeletons
  A jelly (D:7)
  9 orc priests
  4 orc wizards
  A centaur skeleton (D:8)
  4 hounds
  4 iguanas
  5 worker ants
  3 mummies (Ossuary)
  A gnoll (D:1)
  10 adders
  2 shadow imps
  3 ufetubi
  An ooze (D:6)
  8 adder zombies
  4 worms
  4 dart slugs (D:1)
  6 leopard geckos
  20 orcs
  2 ball pythons (D:1)
  16 giant cockroaches
  7 hobgoblins
  12 jackals
  7 kobolds
  3 quokkas
  10 bats
  9 frilled lizards
  8 goblins
  4 goblin zombies (Ossuary)
  A hobgoblin zombie (Ossuary)
  3 kobold zombies (Ossuary)
  A leopard gecko zombie (D:7)
  A quokka skeleton (D:7)
  2 quokka zombies
  9 rats
  A rat zombie (Ossuary)
  2 starspawn tentacles (Abyss:1)
253 creatures vanquished.

Vanquished Creatures (others)
  2 starspawn tentacles (Abyss:1)
2 creatures vanquished.

Grand Total: 255 creatures vanquished

Notes
Turn   | Place    | Note
-------+----------+-------------------------------------------
     0 | D:1      | karf the Minotaur Fighter began the quest for the Orb.
     0 | D:1      | Reached XP level 1. HP: 19/19 MP: 0/0
    92 | D:1      | Reached XP level 2. HP: 27/27 MP: 1/1
   408 | D:1      | Reached skill level 3 in Axes
   408 | D:1      | Reached XP level 3. HP: 18/33 MP: 2/2
  1221 | D:2      | Reached XP level 4. HP: 35/40 MP: 3/3
  1281 | D:2      | Found a shimmering altar of Xom.
  1301 | D:2      | Found a snail-covered altar of Cheibriados.
  1304 | D:2      | Found a stormy altar of Qazlal.
  1307 | D:2      | Found a shadowy altar of Dithmenos.
  1707 | D:2      | Reached skill level 4 in Axes
  2226 | D:3      | Reached XP level 5. HP: 47/47 MP: 4/4
  2459 | D:3      | Found a faded altar of an unknown god.
  2937 | D:4      | Found a stormy altar of Qazlal.
  3072 | D:4      | Noticed Edmund
  3107 | D:4      | HP: 2/47 [poisoned by Edmund]
  3365 | D:2      | Killed Edmund
  3365 | D:2      | Reached skill level 5 in Fighting
  3365 | D:2      | Reached skill level 5 in Axes
  3365 | D:2      | Reached skill level 5 in Shields
  3365 | D:2      | Reached XP level 6. HP: 42/56 MP: 5/5
  3865 | D:4      | Reached skill level 5 in Armour
  3947 | D:4      | Noticed a fire elemental
  3951 | D:4      | Noticed a water elemental
  3967 | D:4      | Noticed an air elemental
  3969 | D:4      | Noticed 0x5F3759DF's ghost (amateur DENe)
  3984 | D:4      | Killed 0x5F3759DF's ghost
  3984 | D:4      | Reached XP level 7. HP: 60/61 MP: 6/6
  4161 | D:5      | Entered Level 5 of the Dungeon
  4168 | D:5      | Reached skill level 6 in Axes
  4649 | D:5      | Reached skill level 7 in Axes
  4792 | D:5      | Reached XP level 8. HP: 24/70 MP: 7/7
  5269 | D:6      | Noticed Doodlejackbod's ghost (amateur HOFi)
  5285 | D:6      | Killed Doodlejackbod's ghost
  5466 | D:6      | Found a staircase to the Ecumenical Temple.
  5474 | Temple   | Entered the Ecumenical Temple
  5595 | Temple   | Became a worshipper of the Shining One
  5743 | D:6      | Reached skill level 8 in Axes
  6011 | D:7      | Found an opulent altar of Gozag.
  6060 | D:7      | Found a sand-covered staircase.
  6065 | Ossuary  | Entered an ossuary
  6073 | Ossuary  | Reached * piety under the Shining One
  6073 | Ossuary  | Reached XP level 9. HP: 72/79 MP: 8/8
  6127 | Ossuary  | Reached ** piety under the Shining One
  6239 | D:7      | Reached skill level 9 in Axes
  6381 | D:7      | Found a radiant altar of Vehumet.
  6503 | D:7      | Noticed Duvessa
  6503 | D:7      | Noticed Dowan
  6512 | D:7      | Killed Dowan
  6515 | D:7      | Killed Duvessa
  6727 | D:8      | Reached skill level 10 in Axes
  6819 | D:8      | Noticed a two-headed ogre
  6857 | D:8      | Noticed Maurice
  6940 | D:8      | Reached *** piety under the Shining One
  6984 | D:8      | Noticed a troll
  6992 | D:8      | Killed a troll
  7016 | D:8      | Killed a two-headed ogre
  7016 | D:8      | Reached XP level 10. HP: 60/90 MP: 9/9
  7020 | D:8      | Got a flickering brass ring
  7022 | D:8      | Identified the cursed ring of Cyphi {rC+ AC-3} (You found it on level 8 of the Dungeon)
  7154 | D:8      | Reached skill level 11 in Axes
  7191 | D:8      | Noticed Grum
  7217 | D:8      | Killed Grum
  7647 | D:9      | Found a staircase to the Orcish Mines.
  7789 | D:9      | Noticed Joseph
  7810 | D:9      | Killed Joseph
  7863 | D:9      | Noticed Erolcha
  7872 | D:9      | Cast into level 1 of the Abyss (Erolcha)
  7876 | Abyss:1  | Found a corrupted altar of Lugonu.
  7907 | Abyss:1  | Noticed a starcursed mass
  7932 | Abyss:1  | Killed a starcursed mass
  7937 | Abyss:1  | Killed a starcursed mass
  7945 | Abyss:1  | Reached skill level 12 in Axes
  7955 | Abyss:1  | Noticed a bone dragon
  7973 | Abyss:1  | Noticed a green death
  8051 | Abyss:1  | Reached **** piety under the Shining One
  8068 | Abyss:1  | Noticed a tentacled starspawn
  8070 | Abyss:1  | Noticed a thrashing horror
  8085 | Abyss:1  | Killed a tentacled starspawn
  8085 | Abyss:1  | Reached skill level 10 in Fighting
  8085 | Abyss:1  | Reached skill level 10 in Armour
  8085 | Abyss:1  | Reached skill level 10 in Shields
  8085 | Abyss:1  | Reached XP level 11. HP: 28/99 MP: 10/10
  8102 | Abyss:1  | Noticed a wretched star
  8102 | D:9      | Escaped the Abyss
  8107 | D:9      | Slain by a vampire mosquito

Skill      XL: |  1  2  3  4  5  6  7  8  9 10 |
---------------+-------------------------------+-----
Shields        | 4 5 6 7 8 10 | 10.2
Axes           | 3 4 5 7 8 10 12 | 12.6
Armour         | 4 5 6 7 8 10 | 10.0
Fighting       | 4 5 6 7 8 10 | 10.0

Action                   |  1- 3 |  4- 6 |  7- 9 | 10-12 || total
-------------------------+-------+-------+-------+-------++-------
Melee: War axe           |   103 |   168 |   310 |    72 ||   653
       Headbutt          |     9 |    24 |    67 |    35 ||   135
       Hand axe          |       |       |       |    93 ||    93
Throw: Tomahawk          |       |       |       |     4 ||     4
  Use: Potion            |       |     2 |     2 |     2 ||     6
       Scroll            |       |       |    14 |     3 ||    17
  Eat: Chunk             |     1 |     6 |     8 |     3 ||    18
       Bread ration      |       |     1 |     1 |       ||     2
       Royal jelly       |       |       |     1 |       ||     1
Armor: Scale mail        |    63 |    71 |   122 |    16 ||   272
       Plate armour      |       |       |       |    54 ||    54
Dodge: Dodged            |    28 |    45 |    94 |    37 ||   204
Block: Shield            |    56 |    82 |   157 |   105 ||   400
